 Dungeon Crawl Stone Soup version 0.31.0-11-ge490571c62 (webtiles) character file.

Game seed: 7912883382646661610

219 Killerpretzel the Changeling (level 5, -2/35 HPs)
             Began as an Octopode Shapeshifter on Feb 10, 2024.
             Slain by a gnoll
             ... wielding a +0 spear
             ... led by a gnoll bouda
              (10 damage)
             ... on level 4 of the Dungeon.
             The game lasted 00:08:20 (2832 turns).

Killerpretzel the Changeling (OpSh)                 Turns: 2832, Time: 00:08:21

Health: -2/35      AC:  1    Str: 13    XL:     5   Next: 96%
Magic:  0/5        EV: 14    Int: 24    God:
Gold:   223        SH:  0    Dex: 14    Spells: 4/4 levels left

rFire   . . .        t - +1 short sword (protect)
rCold   . . .        (no shield)
rNeg    . . .        (helmet currently unavailable)
rPois   +            x - amulet of guardian spirit
rElec   .            d - +6 ring of intelligence
rCorr   .            q - ring of poison resistance
SInv    .            v - +6 ring of intelligence
Will    .....        (no ring)
Stlth   ++           (no ring)
HPRegen 0.25/turn    (no ring)
MPRegen 0.09/turn    (no ring)
                     (no ring)

%: guardian spirit
@: beast-form
A: beast (slay +2), almost no armour, amphibious, 8 rings, camouflage 1,
gelatinous body 1, (nimble swimmer 1), tentacles
a: Begin Untransformation


You were on level 4 of the Dungeon.
You were a hulking beast.
You visited 1 branch of the dungeon, and saw 4 of its levels.

You collected 223 gold pieces.

Inventory:

Hand Weapons
 t - a +1 short sword of protection (weapon)
Jewellery
 d - a +6 ring of intelligence (left tentacle)
 q - a ring of poison resistance (right tentacle)
 v - a +6 ring of intelligence (on tentacle)
 x - an amulet of guardian spirit (around mantle)
Talismans
 b - a beast talisman
 c - a flux talisman
Wands
 k - a wand of flame (20)
 p - a wand of roots (10)
Scrolls
 f - a scroll of fear {unknown}
 g - a scroll of poison {unknown}
 h - 3 scrolls of acquirement {unknown}
 l - a scroll of vulnerability {unknown}
 m - a scroll of revelation {unknown}
 o - a scroll of immolation {unknown}
 s - a scroll of fog {unknown}
 w - a scroll of identify {unknown}
Potions
 a - 2 potions of lignification
 e - 4 potions of enlightenment {unknown}
 i - 2 potions of invisibility {unknown}
 j - 3 potions of curing {unknown}
 n - 3 potions of might {unknown}
 r - a potion of attraction {unknown}
 u - a potion of brilliance {unknown}


   Skills:
 + Level 2.6 Fighting
 + Level 3.1 Dodging
 + Level 4.0 Unarmed Combat
 * Level 4.3 Shapeshifting


You had 4 spell levels left.
You didn't know any spells.
Your spell library contained the following spells:

 Spells                   Type           Power      Damage    Failure   Level
 Volatile Blastmotes      Fire/Tloc      0%         2d10      41%         3
 Fulminant Prism          Conj/Alch      0%         3d5       82%         4
 Iskenderun's Mystic Bla  Conj/Tloc      0%         2d3       82%         4
 Olgreb's Toxic Radiance  Alch           0%         N/A       82%         4
 Ozocubu's Refrigeration  Ice            0%         4d7       100%        7
 Discord                  Hex            0%         N/A       100%        8


Dungeon Overview and Level Annotations

Branches:
Dungeon (4/15)
 Temple: D:4-7

Altars:


Innate Abilities, Weirdness & Mutations

You are a hulking beast.
Your limbs bulge with bestial killing power. (Slay +2)
You cannot wear most types of armour.
You are amphibious.
You can wear up to eight rings at the same time.
Your skin changes colour to match your surroundings (Stealth+).
Your rubbery body absorbs attacks. (AC +1, EV +1)
((You are camouflaged when in or above water. (Stealth+)))
You have tentacles for arms and can constrict up to eight enemies at once.


Message History

The gnoll barely misses you.
A gnoll comes into view. It is wielding a +0 club.
The gnoll shouts!
You hit the gnoll.
Your weapon exudes an aura of protection.
You grab the gnoll.
The gnoll is lightly wounded.
You constrict the gnoll. The gnoll barely misses you.
You release your grip on the gnoll.
The gnoll closely misses you. The gnoll attacks as it pursues you!
The gnoll hits you from afar with a +0 spear.
The gnoll attacks as it pursues you! The gnoll misses you.
The gnoll attacks as it pursues you! The gnoll closely misses you.
The gnoll misses you.
The gnoll hits you from afar with a +0 spear.
The gnoll attacks as it pursues you!
The gnoll hits you from afar with a +0 spear.
The gnoll barely misses you. The gnoll misses you.
The gnoll attacks as it pursues you!
The gnoll hits you from afar with a +0 spear. x2
The gnoll hits you from afar with a +0 spear.
The gnoll attacks as it pursues you! The gnoll closely misses you.
The gnoll is no longer moving quickly.
The gnoll attacks as it pursues you! The gnoll closely misses you.
The gnoll barely misses you.
The gnoll is no longer moving quickly.
The gnoll attacks as it pursues you! The gnoll completely misses you.
The gnoll attacks as it pursues you! The gnoll misses you.
The gnoll is no longer moving quickly.
The gnoll attacks as it pursues you! The gnoll completely misses you.
The gnoll attacks as it pursues you!
The gnoll hits you from afar with a +0 spear.
* * * LOW HITPOINT WARNING * * *
The gnoll attacks as it pursues you! The gnoll misses you.
The gnoll attacks as it pursues you!
The gnoll hits you from afar with a +0 spear.
* * * LOW HITPOINT WARNING * * *
The gnoll attacks as it pursues you!
The gnoll hits you from afar with a +0 spear!
You die...

............##.###.....#....#
#...#..........#.#..#.......#
#...#..##..........##..##..##
#......#.......##.#....###.#
........g......####.....#..## ##
................###.........####.
.......##..g...>##..........##...
.###.......g.g..)................
.###..........g.h.<..............
...............####..............
.#.......###...###...............
.................................
#..##.....##.....................
##............#.......#........#.
............###......##........#.
..........#.###...........#..#.##
.........##.##............#.....#


You could see 4 gnolls.

Vanquished Creatures
  2 hounds (D:4)
  7 gnolls
  3 adders (D:2)
  A dart slug (D:1)
  2 ribbon worms
  2 orcs
  7 bats
  6 endoplasms
  3 giant cockroaches
  4 goblins
  7 hobgoblins
  6 kobolds
  3 ball pythons
  2 frilled lizards
  6 rats
61 creatures vanquished.

Notes
Turn   | Place    | Note
-------+----------+-------------------------------------------
     0 | D:1      | Killerpretzel the Octopode Shapeshifter began the quest for
                  | the Orb.
     0 | D:1      | Reached XP level 1. HP: 13/13 MP: 1/1
   333 | D:1      | Reached XP level 2. HP: 15/18 MP: 2/2
   903 | D:2      | Reached XP level 3. HP: 23/23 MP: 3/3
  1133 | D:2      | Reached XP level 4. HP: 28/29 MP: 4/4
  1391 | D:2      | Reached XP level 5. HP: 24/34 MP: 5/5
  2832 | D:4      | Slain by a gnoll

Illustrated notes

Levels and vault maps discovered:
D:1:      scummos_arrival_star, layout_basic, chequers_serial_rivers_small_a,
          amcnicky_mini_rare_corridor_liquid
D:2:      layout_loops_ring, minmay_tripent
D:3:      layout_basic, minivault_19, st_stairs_9, kennysheep_generic_room_6
D:4:      layout_cave_pools, lemuel_coloured_pillars_altar

Skill      XL: |  1  2  3  4  5 |
---------------+----------------+-----
Fighting       | 2 |  2.6
Shapeshifting  | 4 |  4.3
Dodging        | 3 |  3.1
Unarmed Combat | 4 |  4.0

Action                     |  1- 3 |  4- 6 || total
---------------------------+-------+-------++-------
  Melee: Unarmed           |    69 |    51 ||   120
         Constrict         |    13 |    23 ||    36
         Tentacles         |    10 |    20 ||    30
         Punch             |     4 |     2 ||     6
         Short sword       |       |    15 ||    15
   Stab: Sleeping          |     2 |     5 ||     7
 Armour: Skin              |    25 |    28 ||    53
  Dodge: Dodged            |    51 |    52 ||   103
